 Dungeon Crawl Stone Soup version 0.29-a0-700-g2f1814c7b2 (webtiles) character file.

Game seed: 10760087279055015013

90052 vulpzor the Peltast (level 15, -6/145 HPs)
             Began as a Minotaur Fighter on June 25, 2022.
             Was the Champion of Qazlal.
             Killed by divine providence
             ... invoked by a meliai
              (14 damage)
             ... on level 1 of the Spider Nest.
             The game lasted 01:17:14 (16708 turns).

vulpzor the Peltast (Minotaur Fighter)             Turns: 16708, Time: 01:17:14

Health: -6/145     AC: 27    Str: 30    XL:     15   Next: 51%
Magic:  14/14      EV:  8    Int:  5    God:    Qazlal [******]
Gold:   805        SH: 23    Dex:  9    Spells: 14/14 levels left

rFire   . . .      SeeInvis .   t - +5 spear of the Ancients {drain, rElec rPois rF- Dex-5}
rCold   . . .      Faith    .   s - +2 kite shield {AC+3}
rNeg    . . .      Spirit   .   F - +2 plate armour {rF+}
rPois   +          Reflect  .   (helmet restricted)
rElec   +          Harm     .   f - +0 cloak
rCorr   .          Rampage  .   n - +0 pair of gloves
Will    ++...                   u - +0 pair of boots
Stlth   ..........              E - amulet of regeneration
HPRegen 1.14/turn               C - +6 ring of strength
MPRegen 0.14/turn               S - ring of willpower

@: repel missiles
A: horns 2, retaliatory headbutt
a: Renounce Religion, Upheaval, Elemental Force, Disaster Area


You were on level 1 of the Spider Nest.
You worshipped Qazlal.
Qazlal was exalted by your worship.
You visited 3 branches of the dungeon, and saw 17 of its levels.

You collected 1165 gold pieces.
You spent 360 gold pieces at shops.

Inventory:

Hand Weapons
 a - a +3 scimitar of flaming
 t - the +5 spear of the Ancients (weapon) {drain, rElec rPois rF- Dex-5}
   (You found it on level 2 of the Lair of Beasts)

   A truly terrible weapon, it drains the life of any living foe it strikes.
   Dex:       It affects your dexterity (-5).
   rF:        It makes you vulnerable to fire.
   rElec:     It insulates you from electricity.
   rPois:     It protects you from poison.
 B - a +3 dire flail of protection
 M - a +5 scimitar of freezing
 N - a +4 flail
 O - a +3 battleaxe
 P - a +5 halberd
 T - a +4 hand axe
Armour
 b - +0 steam dragon scales
 f - a +0 cloak (worn)
 n - a +0 pair of gloves (worn)
 s - a +2 kite shield of protection (worn)
 u - a +0 pair of boots (worn)
 D - a +0 tower shield
 F - a +2 plate armour of fire resistance (worn)
 H - a +0 leather armour of fire resistance
 J - a +2 ring mail of positive energy
Jewellery
 m - a ring of protection from fire
 q - a ring of protection from cold
 C - a +6 ring of strength (left hand)
 E - an amulet of regeneration (around neck)
 S - a ring of willpower (right hand)
Wands
 z - a wand of flame (14)
 A - a wand of polymorph (7)
 I - a wand of iceblast (13)
 U - a wand of digging (4)
 X - a wand of charming (9)
 Y - a wand of mindburst (26)
Scrolls
 c - 2 scrolls of vulnerability
 i - 7 scrolls of teleportation
 j - 2 scrolls of fear
 y - 3 scrolls of identify
 G - a scroll of torment
 L - 4 scrolls of magic mapping
 Q - a scroll of amnesia
 V - 2 scrolls of summoning
 W - 3 scrolls of fog
Potions
 d - 3 potions of might
 e - 3 potions of flight
 g - 3 potions of resistance
 k - 11 potions of curing
 l - a potion of cancellation
 o - 3 potions of berserk rage
 p - 4 potions of heal wounds
 r - 10 potions of ambrosia
 v - 5 potions of mutation
 x - a potion of lignification {unknown}
 K - a potion of brilliance {unknown}
 R - 2 potions of haste
Miscellaneous
 h - a box of beasts
 Z - a piece from Xom's chessboard (15/15)


   Skills:
 + Level 16.3 Fighting
 + Level 14.3 Long Blades
 - Level 8.5 Maces & Flails
 + Level 16.3 Armour
 + Level 16.3 Shields


You had 14 spell levels left.
You didn't know any spells.
Your spell library contained the following spells:

 Spells                   Type           Power      Damage    Failure   Level
 Beastly Appendage        Tmut           0%         N/A       99%         1
 Shock                    Conj/Air       0%         1d3       99%         1
 Summon Small Mammal      Summ           0%         N/A       99%         1
 Wereblood                Tmut           0%         N/A       100%        2
 Call Canine Familiar     Summ           0%         N/A       100%        3
 Conjure Flame            Conj/Fire      0%         6-21      100%        3
 Ignite Poison            Fire/Tmut/Pois 0%         N/A       100%        3
 Spider Form              Tmut/Pois      0%         N/A       100%        3
 Summon Guardian Golem    Hex/Summ       0%         N/A       100%        3
 Swiftness                Air            0%         N/A       100%        3
 Airstrike                Air            0%         N/A       100%        4
 Fulminant Prism          Conj/Hex       0%         3d6       100%        4
 Iskenderun's Mystic Bla  Conj/Tloc      0%         2d3       100%        4
 Sticky Flame             Conj/Fire      0%         2d3       100%        4
 Blade Hands              Tmut           0%         N/A       100%        5
 Irradiate                Conj/Tmut      0%         3d13      100%        5
 Lee's Rapid Deconstruct  Erth           0%         3d5*      100%        5
 Dragon Form              Tmut           0%         N/A       100%        7


Dungeon Overview and Level Annotations

Branches:
Dungeon (10/15)            Temple (0/1) D:6            Lair (6/6) D:10
  Swamp (0/4) Lair:2       Spider (1/4) Lair:2        Slime (0/5) Lair:6
    Orc (0/2) D:9

Altars:
Ashenzari
Cheibriados
Dithmenos
Fedhas
Hepliaklqana
Makhleb
Nemelex Xobeh
Okawaru
Qazlal
Ru
Vehumet
Wu Jian
Xom
Jiyva

Shops:
D:3 !   D:4 !   D:7 !

Annotations:
D:5 3 runed translucent doors, buhhh's ghost, novice KoHu; logorrheac's ghost, amateur GnTm; riojii's ghost, weakling OpTm; runemasterragnar's ghost, amateur MeWn; zeratav's ghost, amateur SpAM
Lair:6 exclusion: obsidian statue


Innate Abilities, Weirdness & Mutations

You have a pair of horns on your head.
You reflexively headbutt those who attack you in melee.


Message History

The meliai is healed somewhat.
The meliai calls down the wrath of its god upon you.
Something smites you! You block the meliai's attack. x3
The meliai stings you but does no damage.
You block the meliai's attack.
The meliai stings you but does no damage.
The meliai hits you but does no damage.
The meliai stings you but does no damage.
You closely miss the meliai.
The meliai is moderately wounded.
The meliai mumbles some strange prayers to its god against you.
Something smites you! You block the meliai's attack. The meliai stings you.
A redback comes into view.
The meliai calls down the wrath of its god upon you.
Something smites you! You block the meliai's attack.
The meliai stings you but does no damage.
Blink to where?
Press: ? - help, Dir - move target
As you read the scroll of blinking, it crumbles to dust.
The meliai mumbles some strange prayers to its god against you.
Something smites you!
The meliai calls upon its god to heal the meliai.
The meliai is healed somewhat.
The meliai calls down the wrath of its god upon you.
Something smites you!
The meliai mumbles some strange prayers to its god against you.
Something smites you!
* * * LOW HITPOINT WARNING * * *
The meliai mumbles some strange prayers to its god against you.
Something smites you!
* * * LOW HITPOINT WARNING * * *
The meliai mumbles some strange prayers to its god against you.
Something smites you!
* * * LOW HITPOINT WARNING * * *
The meliai calls down the wrath of its god upon you.
Something smites you!
* * * LOW HITPOINT WARNING * * *
The meliai invokes the aid of its god against you.
Something smites you!
You die...

..)#.......####..##..
##...#........##..### .
###...###.#......#.##.#..
#..<....#.#.s....#.†.....
#...#..##.y.y##....#.....
#......##..○##......#..#.
#.......#y°........#.....
#....#.##..○).......#...#
#......☼@○°.#..#........#
#......☼†................
#########################


You could see a redback and 3 meliai.

Vanquished Creatures
  Rupert (Lair:6)
  An azure jelly (Lair:6)
  A dire elephant (Lair:6)
  6 hydras
  2 boulder beetles
  Erica (D:9)
  5 two-headed ogres
  4 death yaks (Lair:6)
  A pharaoh ant (Spider:1)
  2 spectral death yaks (Lair:6)
  2 orb spiders (Spider:1)
  5 bog bodies (Lair:2)
  A spectral anaconda (Lair:6)
  4 necromancers (Lair:6)
  A wolf spider (Spider:1)
  The ghost of zhov the Covert, a novice SpHu of Dithmenos (D:7)
  An ugly thing (D:6)
  4 black mambas
  14 elephants
  A torpor snail (Lair:2)
  20 cane toads
  An unseen horror (D:6)
  A rime drake (Lair:1)
  Maggie (D:6)
  8 komodo dragons
  A queen bee (Lair:3)
  3 polar bears
  3 tarantellas (Spider:1)
  22 blink frogs
  10 dream sheep
  2 culicivoras (Spider:1)
  2 shadows
  5 basilisks
  A vampire (D:6)
  7 wyverns
  43 yaks
  4 redbacks (Spider:1)
  5 steam dragons
  A spectral cane toad (Lair:6)
  2 death yak simulacra (Lair:6)
  Edmund (D:6)
  19 water moccasins
  An acid dragon (D:6)
  8 orc warriors
  Duvessa (D:7)
  2 ice beasts
  5 black bears
  2 ogres
  An elephant skeleton (Lair:6)
  3 centaurs
  16 wolves
  3 phantoms
  A kobold brigand (D:8)
  A necrophage (D:5)
  15 bullfrogs
  9 scorpions
  18 wights (D:7)
  Dowan (D:7)
  30 killer bees
  An elephant simulacrum (Lair:6)
  4 howler monkeys
  5 electric eels
  2 hounds
  4 jellies
  7 orc priests
  A gnoll shaman (D:6)
  Natasha (twice) (D:3)
  An iguana (D:5)
  9 orc wizards
  Robin (D:3)
  14 gnolls
  10 adders
  A shadow imp (D:8)
  3 white imps
  4 ufetubi
  3 worms
  2 dart slugs
  31 orcs
  6 ball pythons
  6 bats
  6 endoplasms
  4 giant cockroaches
  12 goblins
  9 hobgoblins
  8 jackals
  11 kobolds
  5 quokkas
  3 frilled lizards
  4 rats (D:1)
  A butterfly (D:8)
517 creatures vanquished.

Vanquished Creatures (others)
  37 fungi
  79 plants
  30 withered plants (Lair:6)
146 creatures vanquished.

Grand Total: 663 creatures vanquished

Notes
Turn   | Place    | Note
-------+----------+-------------------------------------------
     0 | D:1      | vulpzor the Minotaur Fighter began the quest for the Orb.
     0 | D:1      | Reached XP level 1. HP: 19/19 MP: 0/0
   116 | D:1      | Reached XP level 2. HP: 27/27 MP: 1/1
   341 | D:1      | Reached XP level 3. HP: 33/33 MP: 2/2
   364 | D:1      | Noticed a floating eye
   367 | D:1      | Found a faded altar of an unknown god.
   369 | D:1      | Noticed a shining eye
   369 | D:1      | Noticed a golden eye
   369 | D:1      | Noticed a floating eye
   377 | D:1      | Prayed at the altar of an unknown god.
   377 | D:1      | Became a worshipper of Qazlal Stormbringer
   377 | D:1      | Reached * piety under Qazlal
  1201 | D:2      | Reached XP level 4. HP: 41/41 MP: 3/3
  1398 | D:2      | Reached ** piety under Qazlal
  1577 | D:3      | Found a sparkling altar of Nemelex Xobeh.
  1604 | D:3      | Noticed Natasha
  1615 | D:3      | Killed Natasha
  1828 | D:3      | Found Foczenap's Distillery.
  1834 | D:3      | Noticed Robin
  1843 | D:3      | Killed Robin
  1844 | D:3      | Reached XP level 5. HP: 31/47 MP: 0/4
  1993 | D:3      | Bought a potion of heal wounds for 50 gold pieces
  2017 | D:3      | Noticed Natasha
  2018 | D:3      | Found a hazy altar of Hepliaklqana.
  2024 | D:3      | Killed Natasha
  2151 | D:3      | Found a broken altar of Ashenzari.
  2642 | D:4      | Found a radiant altar of Vehumet.
  2804 | D:4      | Reached skill level 5 in Fighting
  2807 | D:4      | Reached skill level 5 in Armour
  2812 | D:4      | Reached skill level 5 in Shields
  3386 | D:4      | Found Xejodwo's Distillery.
  3394 | D:4      | Bought a potion of curing for 30 gold pieces
  3394 | D:4      | Bought a potion of heal wounds for 50 gold pieces
  3394 | D:4      | Bought a potion of heal wounds for 50 gold pieces
  3412 | D:5      | Entered Level 5 of the Dungeon
  3418 | D:5      | Reached skill level 1 in Maces & Flails
  3418 | D:5      | Reached XP level 6. HP: 45/56 MP: 5/5
  3576 | D:5      | Found a blossoming altar of Fedhas.
  3843 | D:5      | Noticed an orc warrior
  3854 | D:5      | Killed an orc warrior
  3855 | D:5      | Reached XP level 7. HP: 30/62 MP: 6/6
  3895 | D:5      | Noticed a wyvern
  3906 | D:5      | Killed a wyvern
  3943 | D:5      | Found a runed translucent gate.
  3943 | D:5      | Found a runed translucent gate.
  3943 | D:5      | Found a runed translucent gate.
  3948 | D:5      | Noticed buhhh's ghost (novice KoHu)
  3948 | D:5      | Noticed zeratav's ghost (amateur SpAM)
  3952 | D:5      | Noticed logorrheac's ghost (amateur GnTm)
  3952 | D:5      | Noticed runemasterragnar's ghost (amateur MeWn)
  3952 | D:5      | Noticed riojii's ghost (weakling OpTm)
  4036 | D:5      | Found an ornate altar of the Wu Jian Council.
  4106 | D:5      | Reached XP level 8. HP: 71/71 MP: 7/7
  4324 | D:5      | Found an iron altar of Okawaru.
  4581 | D:5      | Found a snail-covered altar of Cheibriados.
  4762 | D:6      | Reached *** piety under Qazlal
  4833 | D:6      | Noticed Maggie
  4833 | D:6      | Noticed a two-headed ogre
  4834 | D:6      | Reached skill level 5 in Maces & Flails
  4859 | D:5      | Killed a two-headed ogre
  4860 | D:5      | Reached XP level 9. HP: 73/81 MP: 8/8
  4897 | D:6      | Killed Maggie
  5024 | D:6      | Found a sacrificial altar of Ru.
  5041 | D:6      | Noticed Edmund
  5056 | D:6      | Killed Edmund
  5152 | D:6      | Noticed a white ugly thing
  5168 | D:6      | Killed a white ugly thing
  5385 | D:6      | Killed an unseen horror
  5496 | D:6      | Noticed a two-headed ogre
  5513 | D:6      | Killed a two-headed ogre
  5514 | D:6      | Reached XP level 10. HP: 35/91 MP: 9/9
  5638 | D:6      | Found a staircase to the Ecumenical Temple.
  5734 | D:7      | Reached **** piety under Qazlal
  5757 | D:7      | Found a transporter.
  5795 | D:7      | Noticed zhov's ghost (novice SpHu)
  5871 | D:7      | Noticed Dowan
  5872 | D:7      | Noticed Duvessa
  5890 | D:7      | Killed Duvessa
  5891 | D:7      | Reached skill level 10 in Fighting
  5893 | D:7      | Reached skill level 10 in Armour
  5893 | D:7      | Reached skill level 10 in Shields
  5897 | D:7      | Killed Dowan
  5944 | D:7      | Found a transporter.
  6117 | D:7      | Found Huavvix's Distillery.
  6121 | D:7      | Bought a potion of heal wounds for 60 gold pieces
  6121 | D:7      | Bought a potion of haste for 120 gold pieces
  6750 | D:7      | Reached skill level 5 in Long Blades
  6764 | D:7      | Killed zhov's ghost
  6941 | D:8      | Found a shadowy altar of Dithmenos.
  6950 | D:8      | Found a shimmering altar of Xom.
  7292 | D:8      | Found a burning altar of Makhleb.
  7401 | D:9      | Reached XP level 11. HP: 101/101 MP: 10/10
  7509 | D:9      | Reached ***** piety under Qazlal
  7624 | D:9      | Found a staircase to the Orcish Mines.
  8029 | D:10     | Entered Level 10 of the Dungeon
  8029 | D:10     | Noticed a two-headed ogre
  8041 | D:10     | Noticed a two-headed ogre
  8125 | D:10     | Killed a two-headed ogre
  8185 | D:10     | Noticed Erica
  8188 | D:10     | Killed a two-headed ogre
  8205 | D:9      | Killed Erica
  8419 | D:10     | Noticed a two-headed ogre
  8432 | D:10     | Killed a two-headed ogre
  8464 | D:10     | Found a staircase to the Lair.
  8995 | Lair:1   | Entered Level 1 of the Lair of Beasts
  9219 | Lair:1   | You fall into a shaft and drop 1 floor!
  9225 | Lair:2   | Reached XP level 12. HP: 112/112 MP: 11/11
  9275 | Lair:2   | Noticed a boulder beetle
  9298 | Lair:2   | Killed a boulder beetle
  9392 | Lair:2   | Found a hole to the Spider Nest.
  9537 | Lair:2   | Identified the +5 spear of the Ancients {drain, rElec rPois
                  | rF- Dex-5}
  9657 | Lair:2   | Found a staircase to the Swamp.
  9678 | Lair:2   | Noticed an eight-headed hydra
  9703 | Lair:2   | Killed a six-headed hydra
  9705 | Lair:2   | Reached skill level 10 in Long Blades
 10728 | Lair:1   | Noticed a boulder beetle
 10745 | Lair:1   | Killed a boulder beetle
 10787 | Lair:1   | Noticed a four-headed hydra
 10793 | Lair:1   | Killed a two-headed hydra
 10794 | Lair:1   | Reached XP level 13. HP: 113/123 MP: 12/12
 10941 | Lair:1   | Reached ****** piety under Qazlal
 11673 | Lair:3   | Identified the +0 helmet of the Ghostly God {+Blink Dex+2}
 12937 | Lair:4   | Reached skill level 15 in Fighting
 12937 | Lair:4   | Reached skill level 15 in Armour
 12937 | Lair:4   | Reached skill level 15 in Shields
 12937 | Lair:4   | Reached XP level 14. HP: 135/135 MP: 13/13
 14623 | Lair:6   | Entered Level 6 of the Lair of Beasts
 14729 | Lair:6   | Reached XP level 15. HP: 141/141 MP: 14/14
 14753 | Lair:6   | Noticed Rupert
 14761 | Lair:6   | Killed Rupert
 14914 | Lair:6   | Found a runed translucent door.
 14917 | Lair:6   | Found a viscous altar of Jiyva.
 14929 | Lair:6   | Noticed an azure jelly
 14930 | Lair:6   | Found a staircase to the Slime Pits.
 14942 | Lair:6   | Killed an azure jelly
 16385 | Spider:1 | Entered Level 1 of the Spider Nest
 16707 | Spider:1 | HP: 7/145 [meliai/divine providence (13)]
 16708 | Spider:1 | Killed from afar by a meliai

Illustrated notes

Levels and vault maps discovered:
D:1:      dpeg_arrival_subterranean_lakeside_camping, layout_loops_ring,
          hellmonk_ecumenical_altar_watching_god, chequers_decorated_corner,
          serial_park_tiny_1, hangedman_feature_mirror, hangedman_glass_teeth
D:2:      kennysheep_the_goblin_king, layout_rooms
D:3:      layout_loops_ring, nemelex_diamond_rough_becter,
          evilmike_ruin_ashenzari, nicolae_hepliaklqana_hazy_memory,
          serial_shops, nicolae_lakefront_shop, uniq_robin, uniq_natasha
D:4:      layout_basic, mainiacjoe_overflow_concentric_impassable, serial_shops,
          shop, minmay_misc_feat_rugged
D:5:      layout_basic, okawaru_altar_gauntlet_db, nicolae_wu_jian_wuxing_cycle,
          slow_altar_2, old_standard_altar, gammafunk_ghost_cemetery,
          minmay_increasing_density
D:6:      minmay_cornered_nines, layout_basic, nicolae_ru_awakened_eye,
          minmay_temple_entry_grid, kb_rosetta, uniq_edmund, uniq_maggie
D:7:      layout_gridville, gammafunk_ghost_arena, serial_shops, shop,
          chequers_serial_rivers_micro_d, minmay_crystal_water, uniq_duvessa
D:8:      layout_basic, nicolae_dithmenos_shadow_blocks, makhleb_grotto_becter,
          xom_butterflies, hellmonk_bongcloud_opening
D:9:      layout_loops_ring, orc_0_dummy
D:10:     layout_rooms, grunt_lair_entry_orc_guard_hut, serial_rivers,
          chequers_serial_rivers_large_b, chequers_serial_rivers_marsh,
          chequers_serial_rivers_marsh, chequers_serial_rivers_room_b,
          uniq_erica
Lair:1:   layout_chaotic_city, st_stairs_6, nicolae_quartered_pool_super,
          hangedman_lair_generics_rect, infiniplex_staircase_pool
Lair:2:   layout_gridlike, nicolae_swamp_entry_splash_gauntlet,
          nicolae_spider_entry_non_spiders, nzn_random_ring
Lair:3:   layout_cave_pods, special_room [special_room_bee],
          gauntlet_entry_generic, nicolae_lair_grazing_beasts
          [nicolae_sub_lair_graze_edge, nicolae_sub_lair_graze_edge,
          nicolae_sub_lair_graze_edge, nicolae_sub_lair_graze_edge]
Lair:4:   layout_regular_city, st_stairs_12, chequers_serial_rivers_room_a,
          grunt_megastairs_3, serial_bayou_shore_b
Lair:5:   layout_cave_pods
Lair:6:   due_jungle_book, layout_cellular_growth, slime_entry_2, uniq_rupert
Spider:1: layout_spider_delve, special_room

Skill      XL: |  1  2  3  4  5  6  7  8  9 10 11 12 13 14 15 |
---------------+----------------------------------------------+-----
Fighting       | 4 5 6 8 9 10 12 13 15 16 | 16.3
Armour         | 4 5 6 7 9 10 12 13 15 16 | 16.3
Shields        | 4 5 6 7 9 10 12 13 15 16 | 16.3
Long Blades    | 3 4 6 8 10 12 13 14 | 14.3
Maces & Flails | 1 2 4 6 8 |  8.5

Action                   |  1- 3 |  4- 6 |  7- 9 | 10-12 | 13-15 || total
-------------------------+-------+-------+-------+-------+-------++-------
Melee: Long sword        |    25 |       |       |       |       ||    25
       Headbutt          |    13 |    20 |    49 |   136 |   161 ||   379
       Flail             |    62 |   128 |   254 |    42 |       ||   486
       Scimitar          |       |       |       |   584 |   571 ||  1155
       Spear             |       |       |       |       |    72 ||    72
Invok: Upheaval          |       |     1 |     1 |     3 |       ||     5
Evoke: Wand              |       |       |       |     1 |     1 ||     2
  Use: Scroll            |       |     1 |     6 |     9 |    12 ||    28
       Potion            |       |       |     2 |     2 |     1 ||     5
Armor: Scale mail        |    31 |       |       |       |       ||    31
       Chain mail        |    24 |    70 |    16 |       |       ||   110
       Plate armour      |       |       |   180 |   246 |   220 ||   646
Dodge: Dodged            |    44 |    53 |    25 |    77 |    84 ||   283
       Repelled          |       |       |       |     5 |       ||     5
Block: Buckler           |    28 |     6 |       |       |       ||    34
       Other             |       |    10 |       |       |       ||    10
       Tower shield      |       |    23 |   308 |   707 |       ||  1038
       Kite shield       |       |       |       |    38 |   694 ||   732

Table legend: (Time is in decaauts)
 A = Elapsed time spent in this place.
 B = Non-inter-level travel time spent in this place.
 C = Inter-level travel time spent in this place.
 D = Time resting spent in this place.
 E = Time spent auto-exploring this place.
 F = Levels seen in this place.
 G = Mean time per level.
                   A        B        C        D        E       F      G
               +--------+--------+--------+--------+--------+-----+--------+
         Total |  17117 |  17115 |      2 |    497 |  10891 |  17 | 1006.9 |
       Dungeon |   9388 |   9386 |      2 |    209 |   6527 |  10 |  938.8 |
          Lair |   7524 |   7524 |      0 |    255 |   4348 |   6 | 1254.0 |
   Spider Nest |    205 |    205 |      0 |     33 |     16 |   1 |  205.0 |
               +--------+--------+--------+--------+--------+-----+--------+

Top non-repeatable levels by time:
  Lair:2: 1711 daAuts
  Lair:6: 1474 daAuts
     D:5: 1415 daAuts
     D:7: 1227 daAuts
  Lair:3: 1226 daAuts
  Lair:4: 1107 daAuts
     D:3: 1035 daAuts
  Lair:5: 1003 daAuts
  Lair:1: 1001 daAuts
     D:6: 957 daAuts
     D:1: 940 daAuts
     D:9: 877 daAuts
     D:4: 864 daAuts
    D:10: 851 daAuts
     D:2: 646 daAuts
